 Dungeon Crawl Stone Soup version 0.31.0-32-g396128a36d (webtiles) character file.

Game seed: 618762732430096709

32 firemarshallily the Sneak (level 2, -2/24 HPs)
             Began as a Demigod Brigand on Apr 17, 2024.
             Slain by a gnoll
             ... wielding a +0 spear
              (9 damage)
             ... on level 2 of the Dungeon.
             The game lasted 00:01:55 (698 turns).

firemarshallily the Sneak (Demigod Brigand)          Turns: 698, Time: 00:01:55

Health: -2/24      AC:  3    Str:  9 (12) XL:     2   Next: 93%
Magic:  4/4        EV: 11    Int: 10 (13) God:
Gold:   71         SH:  0    Dex: 12 (15) Spells: 1/1 levels left

rFire   . . .        a - +2 dagger
rCold   . . .        (no shield)
rNeg    . . .        b - +0 robe
rPois   .            (no helmet)
rElec   .            c - +0 cloak
rCorr   .            (no gloves)
SInv    .            (no boots)
Will    +....        (no amulet)
Stlth   ++           (no ring)
HPRegen 0.24/turn    (no ring)
MPRegen 0.09/turn

%: no passive effects
@: attractive, enlightened, flying, invisible
A: high MP 1, forlorn, divine attributes
a: no special abilities


You were on level 2 of the Dungeon.
You visited 1 branch of the dungeon, and saw 2 of its levels.

You collected 71 gold pieces.

Inventory:

Hand Weapons
 a - a +2 dagger (weapon)
Missiles
 d - 9 poisoned darts (quivered)
 e - 3 curare-tipped darts
Armour
 b - a +0 robe (worn)
 c - a +0 cloak (worn)
Scrolls
 g - 2 scrolls of teleportation {unknown}
 h - a scroll of fear {unknown}
 j - a scroll of enchant armour {unknown}
 n - 2 scrolls of identify {unknown}
Potions
 i - a potion of attraction
 m - a potion of degeneration


   Skills:
 + Level 2.1 Fighting
 * Level 2.4 Short Blades
 - Level 1.7 Throwing
 - Level 0.8 Dodging
 * Level 4.1 Stealth


You had one spell level left.
You didn't know any spells.
Your spell library contained the following spells:

 Spells                   Type           Power      Damage    Failure   Level
 Gell's Gravitas          Tloc           0%         N/A       75%         3
 Teleport Other           Tloc           0%         N/A       75%         3
 Dispersal                Tloc           0%         N/A       100%        6


Dungeon Overview and Level Annotations

Branches:
Dungeon (2/15)


Innate Abilities, Weirdness & Mutations

You have an increased reservoir of magic. (+10% MP)
You shall have no god before yourself.
Your divine heritage dramatically boosts your attributes as you level up.


Message History

A rat comes into view.
The rat squeaks loudly.
The rat bites you but does no damage.
You closely miss the rat. The rat closely misses you.
You hit the rat.
You kill the rat!
You see here a rat corpse.
You open the door. 3 gnolls come into view.
A gnoll is wielding a +0 flail of holy wrath.
Found 2 poisoned darts and 19 gold pieces.
The gnoll shouts! x3
The gnoll misses you. The gnoll hits you with a +0 spear.
There is an open door here.
You closely miss the gnoll. The gnoll barely misses you.
The gnoll hits you with a +0 spear. The gnoll hits you with a +0 club.
The gnoll attacks as it pursues you!
The gnoll hits you with a +0 flail of holy wrath!
* * * LOW HITPOINT WARNING * * *
The gnoll hits you from afar with a +0 spear.
* * * LOW HITPOINT WARNING * * *
It was a potion of attraction.
You feel attractive to monsters. The gnoll is attracted toward you. x2
It was a potion of curing.
You feel better. The gnoll misses you.
You hit the gnoll.
The gnoll is moderately wounded.
The gnoll hits you with a +0 spear.
It was a potion of degeneration.
There was something very wrong with that liquid.
You feel weakened.
You feel dopey.
You feel clumsy. The gnoll hits you with a +0 spear.
* * * LOW HITPOINT WARNING * * *
It was a potion of invisibility.
You fade into invisibility!
The gnoll completely misses you.
It was a potion of enlightenment.
You feel very buoyant.
You fly up into the air.
The gnoll hits you with a +0 spear!
You die...

#.......#
#....##.#...
#....##†#..##.#
#....##.#..##.#
###.#####.#..##.#
#...#.....#..##.#
#.###.#...#..##.#
#.# #..##..##.# #@#
#......##.# #g#
#.........## #g#
#+#####.......
#.g..........######
#.......####.#
#.......# #.#
#.......# #.#
#....(..# #.#
#$......+ ..#


You could see 3 gnolls.

Vanquished Creatures
  An adder (D:2)
  A dart slug (D:1)
  2 ball pythons
  An endoplasm (D:1)
  4 goblins (D:1)
  2 quokkas
  4 bats (D:1)
  A frilled lizard (D:1)
  A kobold (D:1)
  4 rats
21 creatures vanquished.

Notes
Turn   | Place    | Note
-------+----------+-------------------------------------------
     0 | D:1      | firemarshallily the Demigod Brigand began the quest for the
                  | Orb.
     0 | D:1      | Reached XP level 1. HP: 17/17 MP: 3/3
   243 | D:1      | Reached XP level 2. HP: 24/24 MP: 4/4
   520 | D:1      | Reached skill level 4 in Stealth
   698 | D:2      | Slain by a gnoll

Illustrated notes

Levels and vault maps discovered:
D:1:      beargit_arrival_greenhouse, layout_rooms, st_stairs_5
D:2:      layout_basic

Skill      XL: |  1  2 |
---------------+-------+-----
Short Blades   | 2 |  2.4
Fighting       | 2 |  2.1
Stealth        | 4 |  4.1
Throwing       | |  1.7
Dodging        | |  0.8

Action                     || total
---------------------------++-------
  Melee: Dagger            ||    70
    Use: Potion            ||     5
   Stab: Sleeping          ||     4
 Armour: Robe              ||    53
  Dodge: Dodged            ||    38
